 Dungeon Crawl Stone Soup version 0.28-a0-863-g8cecda6153 (webtiles) character file.

Game seed: 15095427248167579775

683 blank1 the Skirmisher (level 7, -6/46 HPs)
             Began as a Gargoyle Fighter on Nov 18, 2021.
             Mangled by an ogre (25 damage)
             ... on level 4 of the Dungeon.
             The game lasted 00:06:42 (4030 turns).

blank1 the Skirmisher (Gargoyle Fighter)            Turns: 4030, Time: 00:06:42

Health: -6/46      AC: 12    Str: 20    XL:     7   Next: 61%
Magic:  7/7        EV: 10    Int:  9    God:
Gold:   158        SH:  4    Dex: 10    Spells: 6/6 levels left

rFire   . . .      SeeInvis .   d - +0 morningstar
rCold   . . .      Faith    .   c - +0 buckler
rNeg    + . .      Spirit   .   b - +0 scale mail
rPois   ∞          Reflect  .   (no helmet)
rElec   +          Harm     .   (no cloak)
rCorr   .          Rampage  .   (no gloves)
Will    .....                   (no boots)
Stlth   ..........              (no amulet)
HPRegen 0.15/turn               (no ring)
MPRegen 0.10/turn               (no ring)

@: no status effects
A: sickness immunity, AC +4, negative energy resistance 1, electricity
resistance, torment resistance 1, petrification resistance
a: no special abilities


You were on level 4 of the Dungeon.
You visited 1 branch of the dungeon, and saw 4 of its levels.

You collected 158 gold pieces.

Inventory:

Hand Weapons
 d - a +0 morningstar (weapon)
Armour
 b - a +0 scale mail (worn)
 c - a +0 buckler (worn)
Wands
 a - a wand of flame (14)
Scrolls
 f - 2 scrolls of enchant armour
 h - a scroll of teleportation {unknown}
 k - a scroll of brand weapon {unknown}
 m - 2 scrolls of fear {unknown}
 o - a scroll of amnesia {unknown}
Potions
 e - a potion of ambrosia
 g - 3 potions of heal wounds
 i - 2 potions of curing
 l - a potion of berserk rage {unknown}
 n - a potion of brilliance {unknown}


   Skills:
 - Level 6.0 Fighting
 + Level 4.9 Maces & Flails
 - Level 5.0 Armour
 - Level 2.0 Dodging
 - Level 4.0 Shields


You had 6 spell levels left.
You didn't know any spells.
Your spell library contained the following spells:

 Spells                   Type           Power      Damage    Failure   Level
 Freezing Cloud           Conj/Ice/Air   0%         6-21      100%        5
 Simulacrum               Ice/Necr       0%         N/A       100%        6
 Polar Vortex             Ice            0%         N/A       100%        9


Dungeon Overview and Level Annotations

Branches:
Dungeon (4/15)
 Temple: D:4-7

Altars:
Kikubaaqudgha

Shops:
D:1 :


Innate Abilities, Weirdness & Mutations

You are immune to sickness and miasma.
Your stone body is resilient. (AC +4)
You are immune to poison.
You resist negative energy. (rN+)
You are resistant to electric shocks. (rElec)
You are resistant to unholy torment.
You are immune to petrification.


Message History

The magic dart hits you.
An orc comes into view. It is wielding a +0 club.
The orc shouts!
The orc wizard points at you and mumbles some strange words.
The magic dart hits you!
Things that are here:
a +0 dagger; a +0 robe The orc wizard hits you with a +0 dagger.
You bump into the rock wall.
The orc wizard hits you but does no damage.
You hit the orc wizard.
You kill the orc wizard!
You feel less confused. The orc barely misses you.
The orc hits you but does no damage.
Training target 5.0 for Armour reached!
Your Armour skill increases to level 5!
You sock the orc!
You kill the orc!
The orc hits you but does no damage.
You sock the orc!
You kill the orc!
Items here: ))) [ †.
Items here: ))) [[ ††.
An ogre comes into view. It is wielding a +0 giant spiked club.
The ogre shouts!
Search for what [Enter for "."]? .
An ogre is nearby!
An ogre is nearby!
You hit the ogre.
The ogre is lightly wounded.
The ogre hits you with a +0 giant spiked club!!
Ouch! That really hurt!
You are too injured to fight recklessly!
You are too injured to fight recklessly!
You are too injured to fight recklessly!
You hit the ogre.
The ogre is lightly wounded.
The ogre hits you with a +0 giant spiked club!!
Ouch! That really hurt!
You die...

#.##.# #)# #.##.###.#
##### #.##.....# #
####...######........####
+......................<'
####...#########.....####
#.#.### #.....# #
#.###..# ###.### ## #.#@#
#.# #.##O# #.# ## #.# .#
#.# #.# #.# #.# #.#


You could see an ogre.

Vanquished Creatures
  Sigmund (D:2)
  An ogre (D:4)
  A necrophage (D:4)
  A scorpion (D:2)
  An orc priest (D:3)
  Ijyb (D:3)
  Jessica (D:2)
  4 orc wizards
  3 adders
  2 dart slugs
  14 orcs
  9 ball pythons
  4 endoplasms
  2 giant cockroaches
  2 goblins
  6 hobgoblins
  6 quokkas
  6 bats
  4 frilled lizards
  4 kobolds
  5 rats
78 creatures vanquished.

Notes
Turn   | Place    | Note
-------+----------+-------------------------------------------
     0 | D:1      | blank1 the Gargoyle Fighter began the quest for the Orb.
     0 | D:1      | Reached XP level 1. HP: 14/14 MP: 1/1
   393 | D:1      | Reached XP level 2. HP: 13/19 MP: 2/2
   662 | D:1      | Found Oseelodi's Book Boutique.
  1048 | D:2      | Noticed Jessica
  1059 | D:2      | Killed Jessica
  1060 | D:2      | Reached XP level 3. HP: 15/24 MP: 3/3
  1195 | D:2      | Reached skill level 1 in Dodging
  1260 | D:2      | Noticed a scorpion
  1275 | D:2      | Killed a scorpion
  1276 | D:2      | Reached skill level 4 in Fighting
  1276 | D:2      | Reached XP level 4. HP: 24/29 MP: 4/4
  1342 | D:2      | Reached XP level 5. HP: 26/33 MP: 5/5
  1804 | D:2      | Noticed Sigmund
  1817 | D:2      | Killed Sigmund
  1818 | D:2      | Reached XP level 6. HP: 19/39 MP: 6/6
  2336 | D:3      | Found a faded altar of an unknown god.
  2379 | D:3      | Noticed Ijyb
  2399 | D:3      | Killed Ijyb
  2400 | D:3      | Reached skill level 5 in Fighting
  2687 | D:3      | Found an ancient bone altar of Kikubaaqudgha.
  2898 | D:3      | Reached skill level 6 in Fighting
  2898 | D:3      | Reached XP level 7. HP: 9/46 MP: 7/7
  3868 | D:4      | Reached skill level 5 in Armour
  4030 | D:4      | Mangled by an ogre

Illustrated notes

Levels and vault maps discovered:
D:1:      dpeg_arrival_court, layout_loops_ring, serial_shops, shop,
          hangedman_decor_diamond_cutter, grunt_decor_one_mirror,
          minmay_indecisive_spiral
D:2:      layout_basic, uniq_jessica, uniq_sigmund
D:3:      layout_basic, lemuel_round_altar, nicolae_ecumenical_pavilion,
          uniq_ijyb
D:4:      layout_loops_corners, gammafunk_ghost_nasty_kobolds,
          kennysheep_small_circle

Skill      XL: |  1  2  3  4  5  6  7 |
---------------+----------------------+-----
Dodging        | 1 2 |  2.0
Fighting       | 4 6 |  6.0
Maces & Flails | 3 4 |  4.9
Armour         | 4 5 |  5.0
Shields        | 4 |  4.0

Action                   |  1- 3 |  4- 6 |  7- 9 || total
-------------------------+-------+-------+-------++-------
Melee: Flail             |    95 |   115 |       ||   210
       Morningstar       |       |    31 |    44 ||    75
  Use: Potion            |       |     1 |       ||     1
       Scroll            |       |       |     4 ||     4
Armor: Scale mail        |    65 |    74 |    17 ||   156
Dodge: Dodged            |    61 |    88 |    17 ||   166
Block: Buckler           |    31 |    27 |    10 ||    68

Table legend: (Time is in decaauts)
 A = Elapsed time spent in this place.
 B = Non-inter-level travel time spent in this place.
 C = Inter-level travel time spent in this place.
 D = Time resting spent in this place.
 E = Time spent auto-exploring this place.
 F = Levels seen in this place.
 G = Mean time per level.
                   A        B        C        D        E       F      G
               +--------+--------+--------+--------+--------+-----+--------+
         Total |   4106 |   3965 |    141 |    504 |   2790 |   4 | 1026.5 |
       Dungeon |   4106 |   3965 |    141 |    504 |   2790 |   4 | 1026.5 |
               +--------+--------+--------+--------+--------+-----+--------+

Top non-repeatable levels by time:
     D:2: 1666 daAuts
     D:1: 1066 daAuts
     D:3: 1050 daAuts
     D:4: 322 daAuts
